 Dungeon Crawl Stone Soup version 0.24.0-123-gd5b16e6ec5 (webtiles) character file.

Game seed: 617918118528509589, levelgen mode: deterministic

363 Ponchio the Digger (level 6, -1/32 HPs)
             Began as a Deep Elf Earth Elementalist on Jan 20, 2020.
             Was an Initiate of Vehumet.
             Slain by Grinder (6 damage)
             ... on level 3 of the Dungeon.
             The game lasted 00:11:00 (2901 turns).

Ponchio the Digger (Deep Elf Earth Elementalist)    Turns: 2901, Time: 00:11:00

Health: -1/32      AC:  2    Str:  5    XL:     6   Next: 39%
Magic:  11/16      EV: 13    Int: 22    God:    Vehumet [......]
Gold:   117        SH:  0    Dex: 15    Spells: 1/16 levels left

rFire    . . .     SeeInvis .   k - +1 short sword (flame)
rCold    . . .     Gourm    .   (no shield)
rNeg     . . .     Faith    .   c - +0 robe
rPois    .         Spirit   .   (no helmet)
rElec    .         Reflect  .   (no cloak)
rCorr    .         Harm     .   (no gloves)
MR       .....                  (no boots)
Stlth    ++........             (no amulet)
HPRegen  0.10/turn              (no ring)
MPRegen  0.15/turn              (no ring)

@: no status effects
A: no striking features
a: Renounce Religion


You were on level 3 of the Dungeon.
You worshipped Vehumet.
Vehumet was noncommittal.
You were not hungry.

You visited 1 branch of the dungeon, and saw 3 of its levels.

You collected 117 gold pieces.

Inventory:

Hand Weapons
 k - a +1 short sword of flaming (weapon)
Missiles
 b - 39 stones (quivered)
Armour
 c - a +0 robe (worn)
Scrolls
 g - 3 scrolls of immolation {unknown}
 h - a scroll of fear {unknown}
 i - a scroll of enchant weapon {unknown}
 l - a scroll of identify
 m - 2 scrolls of teleportation
 o - a scroll of enchant armour {unknown}
Potions
 a - a potion of flight
 e - a potion of curing {unknown}
 f - 4 potions of lignification {unknown}
 j - a potion of heal wounds {unknown}
 n - a potion of resistance {unknown}
Comestibles
 d - 6 rations


   Skills:
 - Level 2.4 Dodging
 - Level 2.4 Stealth
 + Level 5.8 Spellcasting
 - Level 1.1 Transmutations
 * Level 6.8 Earth Magic


You had one spell level left.
You knew the following spells:

 Your Spells              Type           Power        Failure   Level  Hunger
a - Sandblast             Erth           #####.       1%          1    None
b - Passwall              Tmut/Erth      ###.....     2%          2    None
c - Stone Arrow           Conj/Erth      ###...       7%          3    ##.....
d - Petrify               Tmut/Erth      ###.....     19%         4    ####...
e - Lee's Rapid Deconstr  Erth           #####.....   16%         5    #####..

Your spell library contained the following spells:

 Spells                   Type           Power        Failure   Level  Hunger


Dungeon Overview and Level Annotations

Branches:
Dungeon (3/15)

Altars:
Vehumet

Annotations:
D:3 3 runed translucent doors, Grinder; Sayna's ghost, amateur FoFi; nano's ghost, amateur HOSu


Message History

Casting: Sandblast (safe; 1% risk of failure)
Confirm with . or Enter, or press ? or * to list all spells.
Aiming: Sandblast (safe; 1% risk of failure)
Press: ? - help, Shift-Dir - straight line, f/p - Grinder
Aim: Grinder (moderately wounded)
The blast of sand hits Grinder!!
Grinder is severely wounded.
b - 40 stones Grinder hits you.
You writhe in agony.
Casting: Sandblast (safe; 1% risk of failure)
Confirm with . or Enter, or press ? or * to list all spells.
Aiming: Sandblast (safe; 1% risk of failure)
Press: ? - help, Shift-Dir - straight line, f/p - Grinder
Aim: Grinder (severely wounded)
The blast of sand misses Grinder.
b - 39 stones Grinder hits you!
* * * LOW HITPOINT WARNING * * *
You writhe in agony.
You die...

.. #.... #.# #....
#..##### #.... #.....#
#.... #.....### #[...
#.......# #.... #
#'##...# #....
#####.#####.##...###.)..
......5@...........)....
#####)#####..#...###....
.. ##.#...# ##.#. #..
#.....# #.#. #. ##....#
#.#. # #....# #.# #....#
#.# ##.### #.# .. #.#


You could see Grinder.

Vanquished Creatures
  Sigmund (D:2)
  An orc warrior (D:2)
  3 adders
  2 oozes
  3 worms
  2 leopard geckos
  3 orcs (D:2)
  2 giant cockroaches (D:1)
  5 hobgoblins
  14 jackals
  2 quokkas (D:2)
  3 bats
  A frilled lizard (D:2)
  8 goblins
  13 kobolds
  10 rats
73 creatures vanquished.

Vanquished Creatures (others)
  A withered plant (D:3)
1 creature vanquished.

Grand Total: 74 creatures vanquished

Notes
Turn   | Place    | Note
-------+----------+-------------------------------------------
     0 | D:1      | Ponchio the Deep Elf Earth Elementalist began the quest for
                  | the Orb.
     0 | D:1      | Reached XP level 1. HP: 10/10 MP: 6/6
   343 | D:1      | Reached XP level 2. HP: 15/15 MP: 6/8
   474 | D:1      | Reached skill level 4 in Earth Magic
   681 | D:1      | Reached XP level 3. HP: 14/19 MP: 6/10
  1145 | D:2      | Noticed an orc warrior
  1239 | D:1      | Learned a level 2 spell: Passwall
  1243 | D:1      | Learned a level 3 spell: Stone Arrow
  1327 | D:2      | Noticed Sigmund
  1353 | D:2      | Killed Sigmund
  1353 | D:2      | Reached skill level 5 in Spellcasting
  1353 | D:2      | Reached skill level 5 in Earth Magic
  1353 | D:2      | Reached XP level 4. HP: 24/24 MP: 7/13
  1353 | D:2      | Reached XP level 5. HP: 28/28 MP: 7/14
  1406 | D:2      | Learned a level 4 spell: Petrify
  1721 | D:2      | Reached skill level 6 in Earth Magic
  2086 | D:2      | Killed an orc warrior
  2086 | D:2      | Reached XP level 6. HP: 11/32 MP: 8/16
  2293 | D:2      | Learned a level 5 spell: Lee's Rapid Deconstruction
  2479 | D:2      | Found a radiant altar of Vehumet.
  2488 | D:2      | Became a worshipper of Vehumet
  2739 | D:3      | Found a runed translucent gate.
  2739 | D:3      | Found a runed translucent gate.
  2742 | D:3      | Found a runed translucent gate.
  2778 | D:3      | Noticed Sayna's ghost (amateur FoFi)
  2778 | D:3      | Noticed nano's ghost (amateur HOSu)
  2896 | D:3      | Noticed Grinder
  2901 | D:3      | Slain by Grinder

Levels and vault maps discovered:
D:1:      kilobyte_arrival_exit_the_forest, layout_loops_ring, minmay_hedge_maze
D:2:      cheibrodos_helix_gallery, layout_loops_ring, old_standard_altar,
          uniq_sigmund
D:3:      layout_basic, nicolae_overflow_hidden_temple, first_ration,
          gammafunk_ghost_cemetery, uniq_grinder

Skill      XL: |  1  2  3  4  5 |
---------------+----------------+-----
Earth Magic    | 4 5 6 |  6.8
Spellcasting   | 5 |  5.8
Dodging        | |  2.4
Stealth        | |  2.4
Transmutations | |  1.1

Action                   |  1- 3 |  4- 6 || total
-------------------------+-------+-------++-------
Melee: Short sword       |    65 |    34 ||    99
       Unarmed           |     1 |       ||     1
 Cast: Sandblast         |    31 |    43 ||    74
  Use: Scroll            |     4 |       ||     4
 Stab: Sleeping          |     4 |     1 ||     5
  Eat: Chunk             |     1 |     2 ||     3
       Ration            |       |     1 ||     1
Armor: Robe              |    15 |    13 ||    28
Dodge: Dodged            |    61 |    34 ||    95
